 Dungeon Crawl Stone Soup version 0.31-a0-840-g6d2ecbb638 (webtiles) character file.

Game seed: 15391210590789931807

112 Pixllover the Trooper (level 4, -1/29 HPs)
             Began as a Gargoyle Berserker on Sept 27, 2023.
             Was a Believer of Trog.
             Killed from afar by an orc wizard (8 damage)
             ... with a puff of flame
             ... on level 3 of the Dungeon.
             The game lasted 00:04:18 (1725 turns).

Pixllover the Trooper (Gargoyle Berserker)          Turns: 1725, Time: 00:04:19

Health: -1/29      AC: 14    Str: 23    XL:     4   Next: 93%
Magic:  4/4        EV:  6    Int:  7    God:    Trog [**....]
Gold:   141        SH:  0    Dex:  9    Spells: 3/3 levels left

rFire   . . .        a - +0 hand axe
rCold   . . .        (no shield)
rNeg    + . .        f - +0 plate armour
rPois   ∞            (no helmet)
rElec   +            (no cloak)
rCorr   .            (no gloves)
SInv    .            (no boots)
Will    .....        (no amulet) Stlth
                     (no ring)
HPRegen 0.24/turn    (no ring)
MPRegen 0.09/turn

%: no passive effects
@: no status effects
A: sickness immunity, AC +3, negative energy resistance 1, electricity
resistance, torment resistance 1, petrification resistance
a: Renounce Religion, Berserk, Trog's Hand


You were on level 3 of the Dungeon.
You worshipped Trog.
Trog was pleased with you.
You visited 1 branch of the dungeon, and saw 3 of its levels.

You collected 141 gold pieces.

Inventory:

Hand Weapons
 a - a +0 hand axe (weapon)
Missiles
 d - 5 boomerangs (quivered)
Armour
 f - a +0 plate armour (worn)
Jewellery
 i - a +6 ring of intelligence
Scrolls
 c - a scroll of fog {unknown}
 e - 2 scrolls of noise {unknown}
 g - a scroll of teleportation {unknown}
 k - a scroll of fear {unknown}
Potions
 b - a potion of haste {unknown}
 h - a potion of curing {unknown}
 j - 2 potions of mutation {unknown}
 l - a potion of heal wounds {unknown}


   Skills:
 + Level 4.3 Fighting
 + Level 4.0 Axes
 + Level 0.3 Throwing
 + Level 2.7 Armour
 + Level 1.6 Dodging


You had 3 spell levels left.
You didn't know any spells.
Your spell library was empty.

Dungeon Overview and Level Annotations

Branches:
Dungeon (3/15)

Altars:

Annotations:
D:3 Grinder


Innate Abilities, Weirdness & Mutations

You are immune to sickness and miasma.
Your stone body is resilient. (AC +3)
You are immune to poison.
You resist negative energy. (rN+)
You are resistant to electric shocks. (rElec)
You are resistant to unholy torment.
You are immune to petrification.


Message History

Deactivating autopickup; reactivate with Ctrl-A.
The orc hits you but does no damage.
You hit the orc priest.
The orc priest is almost dead.
You hit the orc.
You kill the orc!
Trog accepts your kill.
Grinder blinks!
The orc barely misses you.
The orc priest begins to cast a cantrip, but forgets the words!
A magic dart appears from out of thin air!
The magic dart hits you but does no damage.
You barely miss the orc priest.
The orc priest is almost dead.
The orc priest hits you but does no damage.
The orc barely misses you.
You hit the orc priest but do no damage.
The orc priest is almost dead.
You miss something.
The orc hits you from afar with a +0 trident.
The orc priest hits you but does no damage.
Something hits you but does no damage. The orc priest barely misses you.
Something hits you.
You hit the orc priest.
You kill the orc priest!
Trog accepts your kill.
You miss something.
Your Axes skill increases to level 4!
The orc closely misses you. The orc hits you but does no damage.
You hear some strange, mumbled words.
A puff of flame appears from out of thin air!
The puff of flame hits you!
Things that are here:
a +0 club; a +0 scale mail; an orc corpse The orc hits you but does no damage.
The orc hits you from afar with a +0 trident.
* * * LOW HITPOINT WARNING * * *
You hear some strange, mumbled words.
A puff of flame appears from out of thin air!
The puff of flame hits you!
You die...

$. # ...
#. ##...
#.#
###.#.#
..##...5.
#o#.#o#
#{)o#
##@## #<#
#.# #.#
#.# #..
... ###


You could see Grinder, an orc wizard and 2 orcs.

Vanquished Creatures
  An orc priest (D:3)
  2 adders (D:2)
  3 worms (D:2)
  2 dart slugs (D:2)
  3 orcs (D:3)
  8 endoplasms
  A giant cockroach (D:1)
  7 goblins
  4 hobgoblins
  5 jackals (D:1)
  A kobold (D:2)
  2 quokkas (D:1)
  4 bats
  A frilled lizard (D:2)
  A rat (D:1)
45 creatures vanquished.

Notes
Turn   | Place    | Note
-------+----------+-------------------------------------------
     0 | D:1      | Pixllover the Gargoyle Berserker began the quest for the
                  | Orb.
     0 | D:1      | Reached XP level 1. HP: 14/14 MP: 1/1
   243 | D:1      | Reached XP level 2. HP: 7/19 MP: 2/2
   586 | D:1      | Reached XP level 3. HP: 24/24 MP: 3/3
   932 | D:2      | Reached ** piety under Trog
  1031 | D:2      | Reached XP level 4. HP: 12/29 MP: 4/4
  1033 | D:2      | HP: 1/29 [worm (5)]
  1712 | D:3      | Noticed Grinder
  1725 | D:3      | Killed from afar by an orc wizard

Illustrated notes

Levels and vault maps discovered:
D:1:      onia_arrival_pyramid, layout_basic
D:2:      layout_loops_ring, serial_bayou_pond_b, hangedman_decor_growths,
          grunt_decor_junction, minmay_misc_feat_square
D:3:      layout_loops_ring, grunt_temple_overflow_holy_war, uniq_grinder,
          uniq_sigmund

Skill      XL: |  1  2  3  4 |
---------------+-------------+-----
Axes           | 3 4 |  4.0
Fighting       | 4 |  4.3
Throwing       | |  0.3
Armour         | |  2.7
Dodging        | |  1.6

Action                     |  1- 3 |  4- 6 || total
---------------------------+-------+-------++-------
  Melee: Hand axe          |   101 |    38 ||   139
         Punch             |     1 |       ||     1
  Throw: Boomerang         |     3 |       ||     3
 Invoke: Trog's Hand       |       |     1 ||     1
 Armour: Animal skin       |    14 |       ||    14
         Plate armour      |    86 |    31 ||   117
  Dodge: Dodged            |    36 |    12 ||    48

Table legend: (Time is in decaauts)
 A = Elapsed time spent in this place.
 B = Non-inter-level travel time spent in this place.
 C = Inter-level travel time spent in this place.
 D = Time resting spent in this place.
 E = Time spent auto-exploring this place.
 F = Levels seen in this place.
 G = Mean time per level.
                   A        B        C        D        E       F      G
               +--------+--------+--------+--------+--------+-----+--------+
         Total |   1751 |   1705 |     46 |      0 |   1221 |   3 |  583.7 |
       Dungeon |   1751 |   1705 |     46 |      0 |   1221 |   3 |  583.7 |
               +--------+--------+--------+--------+--------+-----+--------+

Top non-repeatable levels by time:
     D:1: 921 daAuts
     D:2: 815 daAuts
     D:3: 14 daAuts
